 Dungeon Crawl Stone Soup version 0.20.0-15-g7f486f2 (webtiles) character file.

121 vishdafish the Skirmisher (level 4, -16/37 HPs)
             Began as a Demonspawn Abyssal Knight on June 17, 2017.
             Was a Believer of Lugonu.
             Demolished by Pikel
             ... wielding a +0 whip of electrocution
              (19 damage)
             ... on level 4 of the Dungeon.
             The game lasted 00:15:14 (2053 turns).

vishdafish the Skirmisher (DsAK)                    Turns: 2053, Time: 00:15:17

Health: -16/37     AC:  9    Str: 13    XL:     4   Next: 77%
Magic:  0/6        EV: 11    Int: 13    God:    Lugonu [**....]
Gold:   59         SH:  0    Dex: 13    Spells: 3/3 levels left

rFire    . . .     SeeInvis +   a - +1 falchion
rCold    . . .     Gourm    .   (no shield)
rNeg     . . .     Faith    .   i - +1 ring mail
rPois    .         Spirit   +   q - +0 helmet
rElec    .         Reflect  .   (no cloak)
rCorr    .         Harm     .   (no gloves)
MR       +....                  (no boots)
Stlth    +.........             (no amulet)
Regen    0.2/turn               l - ring of see invisible
MPRegen  0.1/turn               d - ring of protection from magic

@: no status effects
A: thin metallic scales 1, magic shield
a: Depart the Abyss, Bend Space, Renounce Religion


You were on level 4 of the Dungeon.
You worshipped Lugonu.
Lugonu was pleased with you.
You were not hungry.

You visited 1 branch of the dungeon, and saw 4 of its levels.
You visited the Abyss 1 time.

You collected 59 gold pieces.

Inventory:

Hand Weapons
 a - a +1 falchion (weapon)
Missiles
 n - 14 poisoned needles
Armour
 b - a +0 leather armour
 i - a +1 ring mail (worn)
 q - a +0 helmet (worn)
 r - a +0 chain mail
Jewellery
 d - a ring of protection from magic (right hand)
 l - a ring of see invisible (left hand)
 v - an uncursed ring of wizardry
Scrolls
 g - 2 scrolls of enchant armour
 m - 2 scrolls of amnesia
 t - 2 scrolls of teleportation {unknown}
 u - a scroll of noise {unknown}
Potions
 e - a potion of brilliance {unknown}
 f - a potion of flight {unknown}
 j - 2 potions of curing {unknown}
 k - 2 potions of agility {unknown}
 s - a potion of mutation {unknown}
Comestibles
 c - 6 bread rations
 h - 3 fruits
 o - a meat ration


   Skills:
 + Level 3.8 Fighting
 + Level 3.1 Long Blades
 + Level 2.2 Armour
 + Level 1.8 Dodging
 + Level 2.7 Invocations


You had 3 spell levels left.
You didn't know any spells.

Dungeon Overview and Level Annotations

Branches:
Dungeon (4/15)
 Temple: D:4-7

Altars:
Dithmenos
Xom

Annotations:
D:4 Pikel


Innate Abilities, Weirdness & Mutations

You are partially covered in thin metallic scales. (AC +2)
When hurt, damage is shared between your health and your magic reserves.


Message History

Pikel hits you but does no damage.
You hit Pikel but do no damage.
Pikel is lightly wounded.
Pikel barely misses you.
You riposte.
You hit Pikel.
Pikel is lightly wounded.
You closely miss Pikel.
Pikel is lightly wounded.
Pikel hits you but does no damage.
You closely miss Pikel.
Pikel is lightly wounded.
Pikel hits you with a whip of electrocution.
You are electrocuted!
You hit Pikel but do no damage.
Pikel is lightly wounded.
Pikel hits you with a whip of electrocution.
You are electrocuted!
* * * LOW HITPOINT WARNING * * *
Pikel hits you but does no damage.
You are electrocuted!
Ouch! That really hurt!
You die...

#......#.# #.# #####
#......#.###'##.....
#......#.........#
#......#.........###
+......'............
####......#.........##.
#.........#..........#
#.###.#####..........#
#...#.#.....###@#....#
###.#.#.#######K#..#...
#<....#.#...pp#..#.#.
#<......#...pp#..# .
#.......#.......####
#.#######..........#
.... ..........##.#
###.## ######.......#
#.. #.........


You could see Pikel and 4 slaves.

Vanquished Creatures
  A crimson imp (D:3)
  An adder (D:4)
  2 oozes (D:1)
  4 worms (D:2)
  4 leopard geckos
  9 bats
  4 giant cockroaches
  8 goblins
  5 hobgoblins
  5 jackals
  2 kobolds (D:1)
  2 ball pythons
  A frilled lizard (D:2)
  5 rats
53 creatures vanquished.

Notes
Turn   | Place    | Note
-------+----------+-------------------------------------------
     0 | Abyss:1  | vishdafish the Demonspawn Abyssal Knight began the quest for the Orb.
     0 | Abyss:1  | Reached XP level 1. HP: 18/18 MP: 2/2
    18 | D:1      | Escaped the Abyss
   221 | D:1      | Reached skill level 1 in Dodging
   221 | D:1      | Gained mutation: When hurt, damage is shared between your health and your magic reserves. [demonic ancestry]
   221 | D:1      | Reached XP level 2. HP: 20/24 MP: 3/3
   544 | D:1      | Gained mutation: You are partially covered in thin metallic scales. (AC +2) [demonic ancestry]
   544 | D:1      | Reached XP level 3. HP: 27/29 MP: 5/5
   673 | D:2      | Reached ** piety under Lugonu
  1424 | D:3      | Reached XP level 4. HP: 36/36 MP: 6/6
  1651 | D:3      | Found a shimmering altar of Xom.
  2011 | D:4      | Found a shadowy altar of Dithmenos.
  2028 | D:4      | Noticed a slave
  2029 | D:4      | Noticed a slave
  2030 | D:4      | Noticed Pikel
  2030 | D:4      | Noticed a slave
  2031 | D:4      | Noticed a slave
  2053 | D:4      | Demolished by Pikel

Skill      XL: |  1  2  3  4 |
---------------+-------------+-----
Dodging        | 1 |  1.8
Long Blades    | 2 3 |  3.1
Armour         | 2 |  2.2
Fighting       | |  3.8
Invocations    | |  2.7

Action                   |  1- 3 |  4- 6 || total
-------------------------+-------+-------++-------
Melee: Falchion          |   137 |    78 ||   215
  Use: Scroll            |     2 |     3 ||     5
  Eat: Fruit             |     2 |     3 ||     5
Armor: Leather armour    |     7 |       ||     7
       Ring mail         |    63 |    33 ||    96
Dodge: Dodged            |    96 |    36 ||   132
       Rpst.: Falchion   |    30 |    14 ||    44
